General information
			
			
        
        - name: HighUpInTheSKY
 
        - type: Custom game
 
        - host: HighUpInTheSKY
 
        - saver: TIMG4STRok
 
        
map: EchoIsles 
        - players: 2
 
        - length: 16:01
 
        - speed: Fast
 - version: 1.22 W3XP
 - replay type:  

 
» download(120 KB)
Players
        team 1 (loser) 
              
              
HighUpInTheSKY (
pink | 131 APM | 2093 actions | 16:00)
              
 4 Archmage 
 2 Summon Water Elemental
 2 Brilliance Aura
 3 Mountain King 
 2 Storm Bolt
 1 Thunder Clap
 
                » actions 
                
                | Assign group hotkey | 50 |  | 
| Basic commands | 8 |  | 
| Build / train | 64 |  | 
| ESC pressed | 4 |  | 
| Enter build submenu | 19 |  | 
| Enter hero's abilities submenu | 7 |  | 
| Remove unit from queue | 1 |  | 
| Right click | 1013 |  | 
| Select / deselect | 468 |  | 
| Select group hotkey | 386 |  | 
| Use ability | 73 |  | 
                2093 total
 » units 
                
                | Peasant | 17 |  | 
| Footman | 6 |  | 
| Rifleman | 11 |  | 
| Priest | 4 |  | 
| Sorceress | 3 |  | 
| Spell Breaker | 4 |  | 
                45 total
 » upgrades
                » buildings
                
                | Altar of Kings | 1 |  | 
| Farm | 9 |  | 
| Barracks | 1 |  | 
| Keep | 1 |  | 
| Blacksmith | 1 |  | 
| Arcane Vault | 1 |  | 
| Arcane Sanctum | 2 |  | 
| Town Hall | 1 |  | 
| Scout Tower | 1 |  | 
| Arcane Tower | 1 |  | 
                19 total
 » build order
                00:06 Altar of Kings
00:19 Farm
00:22 Barracks
00:34 Farm
01:38 Farm
01:57 Farm
02:00 Farm
03:10 Keep
03:32 Blacksmith
03:49 Farm
04:43 Arcane Vault
06:12 Arcane Sanctum
06:34 Farm
06:35 Farm
08:49 Farm
10:42 Town Hall
13:18 Scout Tower
13:51 Arcane Tower
14:37 Arcane Sanctum
» items
                
                | Scroll of Regeneration | 3 |  | 
| Boots of Speed | 1 |  | 
| Potion of Healing | 2 |  | 
                6 total
  
               team 2 (winner) 
              
              
TIMG4STRok (
gray | 216 APM | 3466 actions | 16:01)
              
 4 Demon Hunter 
 2 Mana Burn
 2 Evasion
 4 Pandaren Brewmaster 
 2 Breath of Fire
 1 Drunken Haze
 1 Drunken Brawler
 
                » actions 
                
                | Assign group hotkey | 32 |  | 
| Basic commands | 84 |  | 
| Build / train | 56 |  | 
| Enter build submenu | 12 |  | 
| Enter hero's abilities submenu | 8 |  | 
| Give item / drop item | 1 |  | 
| Right click | 1869 |  | 
| Select / deselect | 278 |  | 
| Select group hotkey | 1051 |  | 
| Use ability | 75 |  | 
                3466 total
 » units 
                
                | Wisp | 13 |  | 
| Archer | 5 |  | 
| Dryad | 9 |  | 
| Forest Troll Shadow Priest | 1 |  | 
| Mud Golem | 1 |  | 
| Druid of the Claw | 2 |  | 
                31 total
 » upgrades
                
                | Abolish Magic | 1 |  | 
| Druid of the Claw Training | 2 |  | 
| Ultravision | 1 |  | 
| Well Spring | 1 |  | 
                5 total
 » buildings
                
                | Altar of Elders | 1 |  | 
| Moon Well | 4 |  | 
| Ancient of War | 1 |  | 
| Tree of Ages | 1 |  | 
| Hunter's Hall | 1 |  | 
| Ancient of Lore | 2 |  | 
| Ancient of Wonders | 1 |  | 
| Tree of Eternity | 1 |  | 
                12 total
 » build order
                00:04 Altar of Elders
00:17 Moon Well
00:36 Ancient of War
01:28 Moon Well
03:19 Tree of Ages
03:53 Hunter's Hall
04:42 Moon Well
05:49 Ancient of Lore
05:50 Ancient of Lore
05:52 Moon Well
05:53 Ancient of Wonders
09:48 Tree of Eternity
» items
                
                | Boots of Speed | 1 |  | 
| Staff of Preservation | 1 |  | 
| Potion of Healing | 1 |  | 
| Scroll of Town Portal | 1 |  | 
| Scroll of Healing | 1 |  | 
                5 total
  
                Chat log
          (00:10 / All) HighUpInTheSKY: hf
(00:12 / All) TIMG4STRok: gg gl
(15:57 / All) HighUpInTheSKY: looks like i udnerestimated you ;)
(15:58 / All) HighUpInTheSKY: gg wp
(16:00 / All) TIMG4STRok: gg